 Dungeon Crawl Stone Soup version 0.13-a0-2537-g1f6edf4 (webtiles) character file.

243 Rycklaryybbe the Poker (level 4, 0/34 HPs)
             Began as a Demonspawn Chaos Knight on July 27, 2013.
             Was a Plaything of Xom.
             Slain by an orc priest (4 damage)
             ... on Level 3 of the Dungeon.
             The game lasted 00:08:36 (2399 turns).

Rycklaryybbe the Poker (Demonspawn Chaos Knight)    Turns: 2399, Time: 00:08:36

HP   0/34        AC  6     Str 13      XL: 4   Next: 57%
MP   4/4         EV 12     Int 14      God: Xom
Gold 136         SH  0     Dex 12      Spells:  1 memorised,  1 level left

Res.Fire  : . . .   See Invis. : .   a - +0 spear (chaos) {=f}
Res.Cold  : . . .   Warding    : .   b - +2 leather armour
Life Prot.: . . .   Conserve   : .   (no shield)
Res.Poison: .       Res.Corr.  : .   (no helmet)
Res.Elec. : .       Clarity    : .   (no cloak)
Sust.Abil.: . .     Spirit.Shd : .   (no gloves)
Res.Mut.  : .       Stasis     : .   f - +0 pair of boots
Res.Rott. : .       Flight     : .   (no amulet)
Saprovore : . . .                    (no ring)
                                     (no ring)

@: drained, slightly resistant to hostile enchantments, very unstealthy
A: powered by death 1, EV +2
a: Renounce Religion


You were on level 3 of the Dungeon.
You worshipped Xom.
You were a plaything of Xom.
You were hungry.

You visited 1 branch of the dungeon, and saw 3 of its levels.

You collected 116 gold pieces.

Inventory:

Hand weapons
 a - a +0,+0 spear of chaos (weapon) {=f}
Armour
 b - a +2 leather armour (worn)
 f - a +0 pair of boots (worn)
Comestibles
 c - 2 bread rations
 d - a meat ration
 j - 2 chunks of jackal flesh
 q - 2 chunks of hobgoblin flesh
Scrolls
 k - a scroll of identify {unknown}
 l - a scroll of enchant armour {unknown}
 m - a scroll of fear {unknown}
 p - a scroll of teleportation {unknown}
Potions
 e - 3 potions of curing {unknown}
 g - 2 potions of agility {unknown}
 h - a potion of berserk rage {unknown}
 n - a potion of magic {unknown}
Books
 i - a book of Spatial Translocations

   Spells                             Type                      Level
   Apportation                        Translocation                1
   Portal Projectile                  Translocation                2
   *Blink                             Translocation                2
   Shroud of Golubria                 Charms/Translocation         2
   Teleport Other                     Translocation                3
   Passage of Golubria                Translocation                4


   Skills:
 - Level 3.0(1.9) Fighting
 + Level 4.7(3.6) Polearms
 - Level 1.7(0.7) Armour
 - Level 0.8(0.0) Dodging
 + Level 0.8(0.0) Stealth


You had one spell level left.
You knew the following spells:

 Your Spells              Type           Power        Failure   Level  Hunger
a - Blink                 Tloc           N/A          43%         2    ###....


Dungeon Overview and Level Annotations

Branches:
Dungeon (3/27)

Altars:
Yredelemnul
the Shining One


Innate Abilities, Weirdness & Mutations

You are surrounded by a mild repulsion field (EV +2).
You can steal the life force of nearby defeated enemies.


Message History

The orc priest is almost dead.
The orc priest hits you but does no damage.
The orc misses you. The orc closely misses you.
You closely miss the orc priest.
The orc priest is almost dead.
The orc priest calls upon Beogh to heal the orc.
The orc is healed somewhat.
The orc hits you with an orcish short sword.
The orc closely misses you.
You closely miss the orc priest.
The orc priest is almost dead.
The orc priest hits you.
* * * LOW HITPOINT WARNING * * *
The orc misses you. The orc hits you.
* * * LOW HITPOINT WARNING * * *
You hit the orc priest.
The orc priest is almost dead.
The orc priest hits you.
You die... "What!?
That's it?"

#.# #.# .#
#.# #.# #...
#.#
####.##.....
#.#
#...........
#.#
#.........
#.#
#......#.#
##.# #...#
#.# ...#
####.###.#
...#
#....o@..#
...#
#....oo..#
##.#
#........#
#.#
####.###.#
##.## #.#
#.# #...#
#.# #.#
#...# #.#
#.# #...###
#.###.#
##..<.#
#.#...#


You could see an orc priest and 2 orcs.

Vanquished Creatures
  3 adders
  A giant mite (D:2)
  A worm (D:2)
  A giant gecko (D:3)
  6 bats
  A giant cockroach (D:3)
  6 goblins
  14 hobgoblins
  An ooze (D:3)
  A quokka (D:3)
  A ball python (D:2)
  5 giant newts
  4 jackals (D:3)
  9 kobolds
  12 rats
66 creatures vanquished.

Vanquished Creatures (others)
  A kobold zombie (D:2)
1 creature vanquished.

Grand Total: 67 creatures vanquished

Notes
Turn   | Place    | Note
--------------------------------------------------------------
     0 | D:1      | Rycklaryybbe, the Demonspawn Chaos Knight, began the quest for the Orb.
     0 | D:1      | Reached XP level 1. HP: 16/16 MP: 1/1
    51 | D:1      | XOM: harmless Summ miscast
   139 | D:1      | Gained mutation: You can steal the life force of nearby defeated enemies. [demonic ancestry]
   139 | D:1      | Reached XP level 2. HP: 22/22 MP: 2/2
   172 | D:1      | XOM: divination: detect creatures
   369 | D:1      | XOM: divination: detect creatures
   793 | D:2      | Gained mutation: You are surrounded by a mild repulsion field (EV +2). [demonic ancestry]
   793 | D:2      | Reached XP level 3. HP: 24/28 MP: 3/3
   981 | D:2      | Found a glowing golden altar of the Shining One.
  1113 | D:2      | Reached skill level 4 in Polearms
  1250 | D:2      | XOM: divination: detect creatures
  1296 | D:2      | Learned a level 2 spell: Blink
  1647 | D:2      | XOM: draining
  1786 | D:2      | Reached XP level 4. HP: 31/34 MP: 4/4
  1792 | D:2      | XOM: mild Necr miscast
  1886 | D:3      | Found a basalt altar of Yredelemnul.
  2386 | D:3      | XOM: divination: detect creatures
  2399 | D:3      | Slain by an orc priest

Action                   |  1- 3 |  4- 6 || total
-------------------------+-------+-------++-------
Melee: Spear             |   140 |    88 ||   228
  Use: Scroll            |     2 |       ||     2
       Potion            |     2 |     1 ||     3
 Stab: Sleeping          |     1 |       ||     1
